 Dungeon Crawl Stone Soup version 0.25.1-8-g42b30a86e7 (webtiles) character file.

Game seed: 1078644621335947117

17502 hawla the Destroyer (level 12, -5/165 HPs)
             Began as a Pale Draconian Conjurer on Dec 14, 2020.
             Was an Elder of Vehumet.
             Slain by a freezing wraith (10 damage)
             ... in an ice cave.
             The game lasted 00:53:47 (18599 turns).

hawla the Destroyer (Pale Draconian Conjurer)      Turns: 18599, Time: 00:53:49

Health: -5/165     AC: 26    Str:  8    XL:     12   Next: 19%
Magic:  6/24       EV:  2    Int: 23    God:    Vehumet [****..]
Gold:   107        SH:  0    Dex:  8    Spells: 15/28 levels left

rFire    + . .     SeeInvis .   M - +11 quarterstaff "Jyigog" {pain, Fragile +Fly rPois Str-2}
rCold    + . .     Gourm    .   (shield currently unavailable)
rNeg     + + +     Faith    .   (armour unavailable)
rPois    +         Spirit   .   (helmet currently unavailable)
rElec    +         Reflect  .   (cloak currently unavailable)
rCorr    +         Harm     .   (gloves currently unavailable)
MR       .....     NoTele   +   (boots currently unavailable)
Stlth    ++........             (no amulet)
HPRegen  0.37/turn              K - -4 ring of dexterity (curse)
MPRegen  0.19/turn              e - ring of resist corrosion

@: tree-form, resistant
A: (breathe steam), unfitting armour, clever 1, AC +8
a: Renounce Religion


You were in an ice cave.
You worshipped Vehumet.
Vehumet was greatly pleased with you.
You were not hungry.
You were a tree.
You visited 2 branches of the dungeon, and saw 13 of its levels.
You also visited: Sewer and Ice Cave.

You collected 497 gold pieces.
You spent 390 gold pieces at shops.

Inventory:

Hand Weapons
 M - the +11 quarterstaff "Jyigog" (weapon) {pain, Fragile +Fly rPois Str-2}
   (You bought it in a shop on level 11 of the Dungeon)

   In the hands of one skilled in necromantic magic, it inflicts extra damage on
   living creatures.
   It affects your strength (-2).
   It protects you from poison.
   It lets you fly.
   It will be destroyed if unequipped.
Missiles
 k - 36 poisoned darts (quivered)
 s - 8 curare-tipped darts
 x - 15 boomerangs
Armour
 m - a +0 pair of gloves (melded)
 r - the +3 hat of Pondering (melded) {ponderous, MR+ MP+10 Int+5}
   (You took it off Gastronok on level 10 of the Dungeon)

   It affects your intelligence (+5).
   It affects your resistance to hostile enchantments.
   It affects your magic capacity (+10).
 B - a +0 cloak (melded)
Jewellery
 d - an uncursed ring of see invisible
 e - a ring of resist corrosion (right branch)
 D - an uncursed ring of fire
 H - an uncursed amulet of magic regeneration
 K - a cursed -4 ring of dexterity (left branch)
Wands
 t - a wand of clouds (5)
 y - a wand of iceblast (9)
 C - a wand of flame (53)
Scrolls
 g - a scroll of fog
 j - 4 scrolls of amnesia
 q - 5 scrolls of identify
 v - a scroll of magic mapping
 z - 2 scrolls of enchant armour
Potions
 a - 3 potions of stabbing
 c - 5 potions of flight
 f - 6 potions of haste
 h - 2 potions of lignification
 p - a potion of resistance
 u - a potion of cancellation
 J - a potion of brilliance
Comestibles
 b - 20 rations


   Skills:
 + Level 11.1 Fighting
 + Level 1.9 Staves
 - Level 1.7 Dodging
 - Level 1.7 Stealth
 - Level 8.9 Spellcasting
 - Level 12.4 Conjurations
 - Level 7.0 Translocations
 + Level 3.8 Fire Magic
 - Level 2.0 Evocations


You had 15 spell levels left.
You knew the following spells:

 Your Spells              Type           Power        Failure   Level  Hunger
a - Magic Dart            Conj           ####         1%          1    None
b - Searing Ray           Conj           ######       1%          2    None
c - Iskenderun's Mystic   Conj/Tloc      ######..     1%          4    ##.....
d - Inner Flame           Hex/Fire       ###.....     2%          3    None
e - Conjure Flame         Conj/Fire      #####...     1%          3    None

Your spell library contained the following spells:

 Spells                   Type           Power        Failure   Level  Hunger
 Apportation              Tloc           #####.       1%          1    None
 Dazzling Flash           Conj/Hex       #####.       1%          3    None
 Fulminant Prism          Conj/Hex       #####.....   1%          4    ##.....


Dungeon Overview and Level Annotations

Branches:
Dungeon (12/15)            Temple (1/1) D:5            Lair (0/6) D:11
    Orc (0/2) D:12          Sewer (visited)           IceCv (1/1)

Altars:
Ashenzari
Cheibriados
Dithmenos
Elyvilon
Fedhas
Gozag
Hepliaklqana
Kikubaaqudgha
Makhleb
Nemelex Xobeh
Okawaru
Qazlal
Ru
Sif Muna
Trog
Uskayaw
Vehumet
Wu Jian
Xom
Yredelemnul
Zin
The Shining One

Shops:
D:5 %   D:6 *   D:10 [   D:11 *

Annotations:
D:10 3 runed translucent doors, Gaimnit's ghost, novice MiFi
D:12 Frances; Jorgrun


Innate Abilities, Weirdness & Mutations

((You can breathe blasts of scalding, opaque steam.))
((Your pale cyan-grey scales are hard. (AC +8)))
You cannot fit into any form of body armour.
((You are cold-blooded and may be slowed by cold attacks.))
((Your tail ends in a poisonous barb.))
Your mind is acute. (Int +2)
((Your flesh is heat resistant. (rF+)))


Message History

Confirm with . or Enter, or press ? or * to list all spells.
Aiming: Searing Ray (safe; 1% risk of failure)
Press: ? - help, Shift-Dir - straight line, f - freezing wraith
Aim: a freezing wraith (severely damaged)
The searing ray hits the freezing wraith.
The freezing wraith is almost destroyed. (Press . to maintain the ray.)
The freezing wraith hits you but does no damage. x2
The freezing wraith hits you.
* * * LOW HITPOINT WARNING * * *
The freezing wraith freezes you! You resist.
* * * LOW HITPOINT WARNING * * *
The freezing wraith hits you but does no damage.
The searing ray hits the freezing wraith.
You destroy the freezing wraith!
Vehumet accepts your kill. The freezing wraith hits you!
* * * LOW HITPOINT WARNING * * *
The freezing wraith freezes you! You resist.
You die...

##........###....##
## ####...###
###...# #.. #####
##..# #... #...#
#...# ##..###...#
##..###...#
##..###...#
#...°...# ##.♣W.###
######


You could see a freezing wraith.

Vanquished Creatures
  Gastronok (D:10)
  A hydra (D:10)
  A two-headed ogre (D:11)
  Erica (D:8)
  Pikel (D:4)
  2 cyclopes
  A centaur zombie (D:12)
  3 kobold demonologists (D:11)
  A freezing wraith (IceCv)
  A troll (D:11)
  Prince Ribbit (D:9)
  2 dream sheep (D:10)
  3 hippogriffs
  A shadow (D:11)
  18 yaks
  2 wyverns (D:9)
  A hungry ghost (D:11)
  A death yak simulacrum (IceCv)
  Menkaure (D:7)
  Edmund (D:5)
  3 water moccasins
  6 sky beasts
  2 black bears
  2 orc warriors (D:10)
  A slave (D:4)
  5 ice beasts
  2 phantoms
  5 ogres
  6 centaurs
  7 big kobolds
  6 bullfrogs
  A scorpion (D:7)
  8 killer bees
  4 wights (D:12)
  4 crimson imps
  3 hounds
  Crazy Yiuf (D:7)
  3 centaur skeletons
  5 orc priests
  3 jellies
  A bullfrog skeleton (D:7)
  6 iguanas
  A merfolk siren (Sewer)
  9 orc wizards
  7 worker ants
  3 polar bear simulacra (IceCv)
  A merfolk avatar (Sewer)
  2 hound skeletons (D:9)
  2 worker ant zombies
  Robin (D:2)
  4 gnolls (D:5)
  14 adders
  3 river rats (Sewer)
  4 shadow imps
  5 white imps (IceCv)
  An adder zombie (D:8)
  An adder skeleton (D:5)
  3 worms
  6 leopard geckos
  29 orcs
  6 ball pythons
  5 bats
  6 giant cockroaches
  17 goblins
  12 hobgoblins
  16 jackals
  20 kobolds
  8 quokkas
  9 frilled lizards
  A giant cockroach zombie (D:5)
  A jackal skeleton (D:6)
  2 jackal zombies
  2 leopard gecko skeletons
  2 quokka skeletons (D:5)
  27 rats
  A plant (D:10)
359 creatures vanquished.

Vanquished Creatures (others)
  Duvessa (D:4)
  2 slaves (D:4)
  Dowan (D:4)
  A howler monkey (D:11)
  A plant (D:10)
6 creatures vanquished.

Grand Total: 365 creatures vanquished

Notes
Turn   | Place    | Note
-------+----------+-------------------------------------------
     0 | D:1      | hawla the Draconian Conjurer began the quest for the Orb.
     0 | D:1      | Reached XP level 1. HP: 14/14 MP: 3/3
   242 | D:1      | Reached XP level 2. HP: 18/20 MP: 1/5
   387 | D:1      | Learned a level 2 spell: Searing Ray
  1102 | D:2      | Reached XP level 3. HP: 26/26 MP: 2/7
  2403 | D:2      | Reached XP level 4. HP: 33/33 MP: 6/10
  2558 | D:3      | Learned a level 4 spell: Iskenderun's Mystic Blast
  2559 | D:3      | Found a glowing drain.
  2654 | Sewer    | Entered a sewer
  2860 | Sewer    | Reached skill level 1 in Translocations
  3030 | Sewer    | Reached XP level 5. HP: 38/38 MP: 6/11
  3677 | D:3      | Found an opulent altar of Gozag.
  3787 | D:3      | Gained mutation: Your mind is acute. (Int +2) [potion of
                  | mutation]
  3787 | D:3      | Gained mutation: Scrolls take you a little longer to read.
                  | [potion of mutation]
  3787 | D:3      | Gained mutation: Your mind is very acute. (Int +4) [potion
                  | of mutation]
  4144 | D:3      | Found a snail-covered altar of Cheibriados.
  4288 | D:3      | Noticed Robin
  4305 | D:2      | Killed Robin
  4346 | D:3      | Reached XP level 6. HP: 44/45 MP: 7/12
  4746 | D:4      | Noticed a slave
  4746 | D:4      | Noticed a slave
  4746 | D:4      | Noticed a slave
  4746 | D:4      | Noticed a slave
  4746 | D:4      | Noticed Pikel
  4765 | D:4      | Killed a slave
  4768 | D:4      | Killed Pikel
  4768 | D:4      | Reached skill level 6 in Conjurations
  4768 | D:4      | Reached skill level 5 in Translocations
  4768 | D:4      | Your scales start taking on a pale cyan-grey colour.
  4768 | D:4      | Reached XP level 7. HP: 16/50 MP: 4/13
  4885 | D:4      | Killed Duvessa
  4940 | D:4      | Killed Dowan
  5429 | D:4      | Found a glowing silver altar of Zin.
  5742 | D:5      | Entered Level 5 of the Dungeon
  5742 | D:5      | Found a staircase to the Ecumenical Temple.
  5768 | D:5      | Reached XP level 8. HP: 53/57 MP: 10/14
  5777 | Temple   | Entered the Ecumenical Temple
  6031 | Temple   | Became a worshipper of Vehumet
  6060 | D:5      | Reached skill level 7 in Conjurations
  6327 | D:5      | Noticed Edmund
  6434 | D:5      | Killed Edmund
  6637 | D:5      | Found a bloodstained altar of Trog.
  7100 | D:5      | Found Qenwo's Food Shop.
  7126 | D:5      | Reached skill level 1 in Fighting
  7126 | D:5      | Reached skill level 8 in Conjurations
  7126 | D:5      | Reached skill level 1 in Evocations
  7686 | D:6      | Reached * piety under Vehumet
  7686 | D:6      | Offered knowledge of Sandblast by Vehumet.
  8092 | D:6      | Found Acu Nach's Assorted Antiques.
  8097 | D:6      | Bought a blackened brass wand for 96 gold pieces
  8097 | D:6      | Bought a scroll labeled ILLUSCH YKEUS for 24 gold pieces
  8190 | D:6      | Reached XP level 9. HP: 54/68 MP: 12/16
  8347 | D:6      | Reached skill level 5 in Spellcasting
  9072 | D:7      | Noticed Menkaure
  9142 | D:7      | Killed Menkaure
  9190 | D:7      | Found a shimmering blue altar of Sif Muna.
  9252 | D:7      | Reached skill level 9 in Conjurations
  9729 | D:7      | Found a runed translucent door.
  9730 | D:7      | Noticed Crazy Yiuf
  9828 | D:7      | Found a stormy altar of Qazlal.
  9994 | D:7      | Killed Crazy Yiuf
 10041 | D:8      | Reached skill level 5 in Fighting
 10227 | D:8      | Noticed Erica
 10237 | D:8      | Killed Erica
 10237 | D:8      | Reached XP level 10. HP: 76/83 MP: 2/20
 10679 | D:8      | Offered knowledge of Foxfire by Vehumet.
 11508 | D:8      | Reached ** piety under Vehumet
 11697 | D:8      | Found a shattered altar of Ashenzari.
 11907 | D:9      | Noticed Prince Ribbit
 11910 | D:9      | Killed Prince Ribbit
 11910 | D:9      | Reached skill level 10 in Conjurations
 12480 | D:9      | Offered knowledge of Inner Flame by Vehumet.
 12502 | D:9      | Learned a level 3 spell: Inner Flame
 12703 | D:10     | Entered Level 10 of the Dungeon
 12703 | D:10     | Noticed Gastronok
 13242 | D:9      | Reached XP level 11. HP: 40/94 MP: 17/23
 13811 | D:10     | Reached *** piety under Vehumet
 15052 | D:10     | Killed Gastronok
 15052 | D:10     | Reached skill level 11 in Conjurations
 15702 | D:10     | Found a runed translucent gate.
 15702 | D:10     | Found a runed translucent gate.
 15702 | D:10     | Found a runed translucent gate.
 15832 | D:10     | Noticed a three-headed hydra
 15857 | D:10     | Reached skill level 1 in Fire Magic
 15925 | D:10     | Killed a three-headed hydra
 16010 | D:10     | Found Peebb's Antique Armour Boutique.
 16039 | D:10     | Noticed Gaimnit's ghost (novice MiFi)
 16041 | D:10     | Lost mutation: Scrolls take you a little longer to read.
                  | [potion of mutation]
 16041 | D:10     | Lost mutation: Your mind is very acute. (Int +4) [potion of
                  | mutation]
 16041 | D:10     | Gained mutation: Your tail ends in a poisonous barb.
                  | [potion of mutation]
 16041 | D:10     | Gained mutation: Your flesh is heat resistant. (rF+)
                  | [potion of mutation]
 16353 | D:11     | Noticed a two-headed ogre
 16364 | D:11     | Killed a two-headed ogre
 16364 | D:11     | Offered knowledge of Ignite Poison by Vehumet.
 16364 | D:11     | Reached skill level 10 in Fighting
 16651 | D:11     | Reached skill level 12 in Conjurations
 17366 | D:11     | Reached **** piety under Vehumet
 17366 | D:11     | Reached XP level 12. HP: 108/108 MP: 24/24
 17501 | D:11     | Found Zorgh's Assorted Antiques.
 17510 | D:11     | Bought a scroll labeled YCUGEI NUSAS for 27 gold pieces
 17510 | D:11     | Bought a bloodstained quarterstaff for 243 gold pieces
 17510 | D:11     | Identified the +11 quarterstaff "Jyigog" {pain, Fragile
                  | +Fly rPois Str-2} (You bought it in a shop on level 11 of
                  | the Dungeon)
 17762 | D:7      | Identified Sif Muna's Incunabulum of Translocation
 17984 | D:11     | Found a staircase to the Lair.
 18056 | D:12     | Offered knowledge of Conjure Flame by Vehumet.
 18061 | D:12     | Learned a level 3 spell: Conjure Flame
 18097 | D:12     | Reached skill level 1 in Staves
 18107 | D:12     | Noticed Frances
 18152 | D:12     | Noticed Jorgrun
 18164 | D:12     | Found a frozen archway.
 18174 | IceCv    | Entered an ice cave
 18599 | IceCv    | HP: 5/165 [freezing wraith (9)]
 18599 | IceCv    | Slain by a freezing wraith

Illustrated notes

Levels and vault maps discovered:
D:1:      minmay_arrival_wavy_path, layout_basic
D:2:      layout_basic
D:3:      layout_rooms, lemuel_coloured_pillars_altar,
          nicolae_gozag_seed_capital, first_ration, portal_sewer_entry_a,
          uniq_robin
D:4:      minmay_spotlight, layout_loops_cross, zin_scriptorium, uniq_pikel,
          uniq_duvessa
D:5:      layout_gridville, minmay_temple_entry_stoned_glass, serial_shops,
          nicolae_shop_trees, bloody_trog, uniq_edmund
D:6:      layout_basic, serial_shops, kennysheep_little_box, feat_on_display
D:7:      cheibrodos_quashed, layout_basic, led_sif_book,
          overflow_temple_1_default, uniq_menkaure, uniq_crazy_yiuf_cottage
D:8:      layout_gridville, marbit_many_paths, uniq_erica
D:9:      layout_basic, uniq_prince_ribbit1
D:10:     layout_rooms, gammafunk_ghost_icy, serial_shops, shop, hangedman_ranch
          [blue_anna_fruit_fields], hangedman_decor_lopped,
          hangedman_decor_opposing, uniq_gastronok
D:11:     layout_loops_cross, lair_entry_dummy, serial_shops,
          nicolae_shop_overgrown_old_shop
D:12:     layout_rooms, orc_0_dummy, portal_ice_cave_entry_pillars_1,
          minmay_fractal_squares_diagonal_5, uniq_frances, uniq_jorgrun
Temple:   nicolae_temple_elliptical
IceCv:    ice_cave_small_necro

Skill      XL: |  1  2  3  4  5  6  7  8  9 10 11 12 |
---------------+-------------------------------------+-----
Spellcasting   | 3 4 6 8 |  8.9
Translocations | 1 3 5 7 |  7.0
Conjurations   | 6 8 9 10 12 | 12.4
Fighting       | 2 5 8 10 11 | 11.1
Evocations     | 2 |  2.0
Fire Magic     | 3 |  3.8
Staves         | 1 |  1.9
Dodging        | |  1.7
Stealth        | |  1.7

Action                   |  1- 3 |  4- 6 |  7- 9 | 10-12 || total
-------------------------+-------+-------+-------+-------++-------
Melee: Unarmed           |    26 |    10 |    30 |       ||    66
       Tailslap          |     4 |     1 |     6 |     2 ||    13
       Quarterstaff      |       |       |       |    35 ||    35
 Cast: Magic Dart        |    57 |    48 |    65 |   112 ||   282
       Searing Ray       |    21 |    41 |    76 |   121 ||   259
       Iskenderun's Myst |       |     4 |    11 |    50 ||    65
       Inner Flame       |       |       |       |    11 ||    11
       Conjure Flame     |       |       |       |    15 ||    15
 Abil: Evoke Flight      |       |       |       |     1 ||     1
Evoke: Wand              |       |       |       |     2 ||     2
  Use: Scroll            |     4 |     8 |     3 |     8 ||    23
       Potion            |       |     2 |     3 |    15 ||    20
  Eat: Chunk             |     6 |     9 |    13 |    12 ||    40
       Ration            |       |       |     1 |     6 ||     7
Armor: Skin              |    12 |    15 |    25 |   137 ||   189
Dodge: Dodged            |    36 |    42 |    62 |   226 ||   366
